 Dungeon Crawl Stone Soup version 0.27-a0-650-g8dd3ea4f36 (webtiles) character file.

Game seed: 317472909881682127

5959 rednaxela the Grappler (level 10, -13/84 HPs)
             Began as a Naga Monk on Mar 15, 2021.
             Was a Believer of Cheibriados.
             Mangled by a phantasmal warrior (33 damage)
             ... led by a death knight
             ... on level 8 of the Dungeon on Mar 16, 2021.
             The game lasted 00:46:13 (15180 turns).

rednaxela the Grappler (Naga Monk)                 Turns: 15180, Time: 00:46:14

Health: -13/84     AC: 12    Str: 21    XL:     10   Next: 84%
Magic:  0/11       EV:  5    Int: 15    God:    Cheibriados [**....]
Gold:   215        SH: 11    Dex: 17    Spells: 9/9 levels left

rFire    . . .     SeeInvis +     - Unarmed
rCold    + . .     Faith    .   y - +0 kite shield
rNeg     . . .     Spirit   +   d - +3 chain mail {rC+}
rPois    +         Reflect  .   D - +0 helmet
rElec    .         Harm     .   k - +0 cloak
rCorr    .         Rampage  .   (no gloves)
Will     .....                  (no barding)
Stlth    ..........             b - amulet of guardian spirit
HPRegen  0.24/turn              (no ring)
MPRegen  0.12/turn              (no ring)

@: weak-willed, very slow
A: AC +3, large, see invisible, deformed body, poison resistance, slowness 2,
spit poison 1, naga tail 1
a: Spit Poison, Renounce Religion, Bend Time


You were on level 8 of the Dungeon.
You worshipped Cheibriados.
Cheibriados was pleased with you.
You visited 2 branches of the dungeon, and saw 10 of its levels.

You collected 455 gold pieces.
You spent 240 gold pieces at shops.

Inventory:

Hand Weapons
 q - a +0 dagger of venom
   (You took it off an orc wizard on level 4 of the Dungeon)
Missiles
 c - 365 stones
 e - 105 arrows
 s - 46 poisoned darts
Armour
 d - a +3 chain mail of cold resistance (worn)
   (You bought it in a shop on level 5 of the Dungeon)
 k - a +0 cloak (worn)
   (You found it on level 1 of the Dungeon)
 y - a +0 kite shield (worn)
   (You found it on level 7 of the Dungeon)
 D - a +0 helmet (worn)
   (You found it on level 8 of the Dungeon)
Jewellery
 b - an amulet of guardian spirit (around neck)
   (You found it on level 1 of the Dungeon)
 o - a ring of protection from fire
   (You found it on level 8 of the Dungeon)
 w - an amulet of reflection
   (You found it on level 6 of the Dungeon)
Wands
 g - a wand of digging (4) {@v3}
   (You found it on level 3 of the Dungeon)
Scrolls
 a - 3 scrolls of blinking {@r4}
 t - a scroll of teleportation {@r3 !r}
 v - 2 scrolls of immolation
 A - a scroll of vulnerability
Potions
 f - a potion of resistance
 h - 2 potions of cancellation {!q}
 i - a potion of lignification {@q5}
 m - a potion of brilliance
 n - 2 potions of curing {@q1 !q}
 z - a potion of magic {!q}
 B - a potion of ambrosia {!q}
 F - a potion of mutation


   Skills:
 - Level 3.0 Fighting
 - Level 2.4 Dodging
 - Level 3.0 Stealth
 + Level 6.7 Shields
 + Level 13.3 Unarmed Combat
 + Level 2.1 Invocations


You had 9 spell levels left.
You didn't know any spells.
Your spell library contained the following spells:

 Spells                   Type           Power      Damage    Failure   Level
 Apportation              Tloc           0%         N/A       99%         1
 Magic Dart               Conj           0%         1d3       99%         1
 Sandblast                Erth           0%         2d4       99%         1
 Blink                    Tloc           N/A        N/A       100%        2
 Call Imp                 Summ           0%         N/A       100%        2
 Passwall                 Tmut/Erth      0%         N/A       100%        2
 Searing Ray              Conj           0%         3d3       100%        2
 Slow                     Hex            0%         N/A       100%        2
 Conjure Flame            Conj/Fire      0%         6-21      100%        3
 Dazzling Flash           Conj/Hex       0%         N/A       100%        3
 Lesser Beckoning         Tloc           0%         N/A       100%        3
 Mephitic Cloud           Conj/Pois/Air  0%         N/A       100%        3
 Stone Arrow              Conj/Erth      0%         3d7       100%        3
 Tukima's Dance           Hex            0%         N/A       100%        3
 Fulminant Prism          Conj/Hex       0%         3d6       100%        4
 Iskenderun's Mystic Bla  Conj/Tloc      0%         2d3       100%        4
 Petrify                  Tmut/Erth      0%         N/A       100%        4
 Alistair's Intoxication  Tmut/Pois      0%         N/A       100%        5
 Lee's Rapid Deconstruct  Erth           0%         3d5*      100%        5
 Invisibility             Hex            0%         N/A       100%        6


Dungeon Overview and Level Annotations

Branches:
Dungeon (9/15)             Temple (1/1) D:7
   Lair: D:8-11         Orc: D:9-12

Altars:
Ashenzari
Cheibriados
Dithmenos
Elyvilon
Fedhas
Gozag
Hepliaklqana
Kikubaaqudgha
Makhleb
Nemelex Xobeh
Okawaru
Qazlal
Ru
Sif Muna
Trog
Uskayaw
Vehumet
Wu Jian
Xom
Yredelemnul
Zin
The Shining One

Shops:
D:5 [(=

Annotations:
D:5 2 transporters
D:8 Maurice


Innate Abilities, Weirdness & Mutations

Your serpentine skin is tough. (AC +3)
You have supernaturally acute eyesight. (SInv)
Armour fits poorly on your strangely shaped body.
Your system is resistant to poisons. (rPois)
You cover ground very slowly.
You can spit poison.
You have a snake-like lower body.


Message History

Magic restored.
There is a stone staircase leading up here.
You climb upwards.
There is a stone staircase leading down here.
There is an open door here.
There is an open door here.
There is an open door here.
There is a stone staircase leading up here.
You climb upwards.
There is a stone staircase leading down here.
You open the door.
There is an open door here.
HP restored.
There is an open door here.
There is a stone staircase leading up here.
You climb upwards.
Level annotation: 2 transporters
There is a stone staircase leading down here.
There is an entrance to Exuuw's Antique Armour Shop here.
Unknown command.
d - a +3 chain mail of cold resistance Thank you for shopping at Exuuw's Antique Armour Shop!
You start removing your armour.
You continue taking off your +0 steam dragon scales. x4
You finish taking off your +0 steam dragon scales.
You start putting on your armour.
You continue putting on your +3 chain mail of cold resistance. x5
You finish putting on your +3 chain mail of cold resistance.
You feel resistant to cold.
Unknown command.
Drop what? 27/52 slots (_ for help) (? for menu, Esc to quit)
You drop a +2 robe of cold resistance.
You drop +0 steam dragon scales.
You drop a +0 ring mail of willpower.
Okay, then.
You don't know any spells.
There is a stone staircase leading down here.
You climb downwards.
There is a stone staircase leading up here.
You open the door.
There is an open door here.
There is an escape hatch in the floor here.
Really go through this one-way escape hatch?
You slide downwards.
The hatch slams shut behind you.
There is an open door here.
There is a stone staircase leading down here.
You climb downwards.
Level annotation: Maurice
There is a stone staircase leading up here.
Things that are here:
a +0 chain mail; a +0 short sword
Items here: )) [[.
Items here: ! )) [[.
Things that are here:
a +0 ring mail; 3 silver boomerangs; a +0 hand axe The orc warrior shouts!
An orc warrior is nearby!
Things that are here:
a +0 ring mail; 3 silver boomerangs; a +0 hand axe
Items here: ! )) [[.
Items here: )) [[.
Things that are here:
a +0 chain mail; a +0 short sword
There is a stone staircase leading down, spattered with blood here.
You climb downwards.
The phantasmal warrior hits you!!
There is a stone staircase leading up, spattered with blood here.
The phantasmal warrior hits you.
You climb upwards.
Level annotation: Maurice
There is a stone staircase leading down, spattered with blood here.
You hit the phantasmal warrior.
The phantasmal warrior is lightly damaged.
The phantasmal warrior hits you but does no damage.
You hit the phantasmal warrior but do no damage.
The phantasmal warrior hits you!!
* * * LOW HITPOINT WARNING * * *
Your willpower is stripped away!
You are too injured to fight recklessly!
You are too injured to fight recklessly!
Okay, then.
Unknown command.
The flow of time bends around you.
Cheibriados rebukes the phantasmal warrior.
The phantasmal warrior seems to slow down.
The phantasmal warrior hits you!
* * * LOW HITPOINT WARNING * * *
You closely miss the phantasmal warrior.
The phantasmal warrior hits you!!
* * * LOW HITPOINT WARNING * * *
You hit the phantasmal warrior.
The phantasmal warrior is lightly damaged.
You hit the phantasmal warrior but do no damage.
The phantasmal warrior is lightly damaged.
The phantasmal warrior hits you!
* * * LOW HITPOINT WARNING * * *
You hit the phantasmal warrior.
The phantasmal warrior is lightly damaged.
Really quaff
n - 3 potions of curing {@q1 !q}?
You feel better. The phantasmal warrior hits you!!
You die...

...######## #[# #.###.# # ..##
#[# #...#.# # .## ###########.#
###...# # ## #...........# #..##
#.#########.# #..# #.# #.#
#..######## #.#
#.######..[......# #.#
######>....###.######.# #.#
#.....W@..........# #.# #####.#
#.....[>..........# #.# ..<...#
#.................###.##
##########.......................
....<..............#...........##
##########.........#.......#####
#................o#
#........)######.##
#.........######.#


You could see a phantasmal warrior (slow).

Vanquished Creatures
  Harold (D:8)
  Maggie (D:8)
  4 yaks (D:8)
  14 wargs (D:8)
  4 orc warriors (D:8)
  2 sky beasts
  3 ogres
  A centaur (D:4)
  A phantom (D:5)
  7 bullfrogs
  3 scorpions
  A howler monkey (D:8)
  A centaur zombie (D:8)
  3 hounds
  5 orc priests
  A jelly (D:6)
  An iguana (D:6)
  11 orc wizards
  7 worker ants
  11 adders
  4 gnolls (D:2)
  2 river rats (D:6)
  A shadow imp (D:7)
  A white imp (D:7)
  3 ufetubi
  4 worms
  5 dart slugs
  3 leopard geckos
  58 orcs
  2 ball pythons (D:6)
  3 giant cockroaches
  8 goblins
  4 hobgoblins
  3 jackals (D:4)
  3 quokkas
  7 bats
  7 frilled lizards
  A giant cockroach zombie (D:5)
  A jackal skeleton (D:5)
  9 kobolds
  A leopard gecko skeleton (D:5)
  6 rats
218 creatures vanquished.

Vanquished Creatures (others)
  8 plants
8 creatures vanquished.

Grand Total: 226 creatures vanquished

Notes
Turn   | Place    | Note
-------+----------+-------------------------------------------
     0 | D:1      | rednaxela the Naga Monk began the quest for the Orb.
     0 | D:1      | Reached XP level 1. HP: 21/21 MP: 1/1
    62 | D:1      | Reached XP level 2. HP: 15/28 MP: 0/2
   490 | D:1      | Reached skill level 4 in Unarmed Combat
  1080 | D:1      | Reached XP level 3. HP: 34/34 MP: 3/3
  1394 | D:2      | Reached XP level 4. HP: 29/42 MP: 2/4
  1508 | D:2      | Reached skill level 5 in Unarmed Combat
  2006 | D:2      | Reached XP level 5. HP: 31/49 MP: 5/5
  2744 | D:3      | Found a white marble altar of Elyvilon.
  2905 | D:3      | Found a sparkling altar of Nemelex Xobeh.
  2905 | D:3      | Found an iron altar of Okawaru.
  2916 | D:3      | Found a blossoming altar of Fedhas.
  2916 | D:3      | Found a shimmering blue altar of Sif Muna.
  2971 | D:3      | Reached skill level 6 in Unarmed Combat
  3968 | D:3      | Found a bloodstained altar of Trog.
  4046 | D:3      | Reached XP level 6. HP: 55/56 MP: 6/6
  4241 | D:3      | You fall into a shaft and drop 3 floors!
  4371 | D:5      | Entered Level 5 of the Dungeon
  4371 | D:5      | Found a transporter.
  4371 | D:5      | Noticed a sky beast
  4381 | D:5      | Killed a sky beast
  4382 | D:5      | Reached skill level 7 in Unarmed Combat
  4391 | D:5      | Found Tioj's Jewellery Shop.
  4501 | D:5      | Reached XP level 7. HP: 30/62 MP: 3/7
  4654 | D:5      | Reached skill level 8 in Unarmed Combat
  4701 | D:5      | Found a stormy altar of Qazlal.
  4701 | D:5      | Found a burning altar of Makhleb.
  4701 | D:5      | Found a sacrificial altar of Ru.
  5637 | D:4      | Reached skill level 9 in Unarmed Combat
  5898 | D:4      | Identified the +1 scale mail of Vexation {rC- Will+ Regen+
                  | rCorr}
  6051 | D:4      | Found a blossoming altar of Fedhas.
  6530 | D:5      | Reached XP level 8. HP: 53/69 MP: 6/8
  7137 | D:5      | Found a transporter.
  7288 | D:5      | Found Siesa's Antique Weapon Shop.
  7290 | D:5      | Found Exuuw's Antique Armour Shop.
  7498 | D:5      | Reached skill level 10 in Unarmed Combat
  7774 | D:5      | Identified the +9 halberd "Pofi Acw" {distort, rElec rC+
                  | Will+ Int-5}
  8735 | D:6      | Identified the +1 leather armour "Oddonni" {*Drain rN++
                  | Str+4 Stlth+}
  8747 | D:6      | Reached skill level 11 in Unarmed Combat
  9259 | D:7      | Reached skill level 1 in Shields
  9362 | D:7      | Found a staircase to the Ecumenical Temple.
  9379 | Temple   | Entered the Ecumenical Temple
  9531 | D:7      | Reached XP level 9. HP: 64/75 MP: 7/9
  9833 | D:7      | Found a glowing silver altar of Zin.
  9836 | D:7      | Noticed an angel
  9839 | D:7      | Found a shimmering altar of Xom.
 10057 | D:7      | Reached skill level 2 in Shields
 10660 | D:8      | Noticed Maggie
 10873 | D:8      | Noticed Harold
 11086 | D:8      | Reached skill level 3 in Shields
 11457 | D:8      | Killed Maggie
 11458 | D:8      | Reached skill level 12 in Unarmed Combat
 11785 | D:8      | Reached skill level 4 in Shields
 12231 | D:9      | Noticed a death knight
 12231 | D:9      | Noticed a phantasmal warrior
 12231 | D:9      | Noticed a skeletal warrior
 12232 | D:9      | Noticed a phantasmal warrior
 12334 | D:8      | Noticed Maurice
 12553 | D:8      | Reached XP level 10. HP: 45/84 MP: 2/10
 12575 | D:8      | Reached skill level 5 in Shields
 13919 | D:8      | Reached skill level 6 in Shields
 13919 | D:8      | Reached skill level 13 in Unarmed Combat
 14222 | D:8      | Paralysed by Harold for 5 turns
 14222 | D:8      | Noticed an orc warlord
 14228 | D:8      | Killed Harold
 14444 | Temple   | Became a worshipper of Cheibriados the Contemplative
 14444 | Temple   | Reached * piety under Cheibriados
 14444 | Temple   | Reached ** piety under Cheibriados
 14596 | D:8      | Reached skill level 1 in Invocations
 14749 | D:8      | Reached skill level 2 in Invocations
 15085 | D:5      | Bought a glowing chain mail for 240 gold pieces
 15180 | D:8      | Mangled by a phantasmal warrior

Illustrated notes

Levels and vault maps discovered:
D:1:      scummos_arrival_simple_crosswalls, layout_basic
D:2:      layout_basic
D:3:      layout_basic, lemuel_crystal_altar, grunt_temple_overflow_open,
          trog_book
D:4:      layout_loops_ring, fedhas_altar_fruit_tree
D:5:      layout_basic, gammafunk_temple_overflow_forgotten,
          gammafunk_ghost_abyssal_escape, serial_shops, nicolae_shop_stone,
          shop, nicolae_shop_window_shopping
D:6:      layout_gridville, portal_sewer_entry_e
D:7:      layout_gridville, grunt_temple_overflow_order_and_chaos_1,
          minmay_temple_entry_arrows
D:8:      lemuel_castle_with_subvaults [lemuel_castle_interior_carwin_1],
          layout_loops_ring, uniq_maurice, uniq_harold, uniq_maggie
D:9:      layout_rooms, erik_lair_island, enter_bailey_4, uniq_pikel,
          uniq_joseph
Temple:   nicolae_temple_x_marks_the_god

Skill      XL: |  1  2  3  4  5  6  7  8  9 10 |
---------------+-------------------------------+-----
Unarmed Combat | 4 5 6 7 9 11 12 13 | 13.3
Shields        | 1 4 6 |  6.7
Invocations    | 2 |  2.1
Fighting       | |  3.0
Dodging        | |  2.4
Stealth        | |  3.0

Action                   |  1- 3 |  4- 6 |  7- 9 | 10-12 || total
-------------------------+-------+-------+-------+-------++-------
Melee: Unarmed           |    37 |   174 |   427 |   164 ||   802
       Punch             |     1 |     5 |    10 |       ||    16
Throw: Stone             |     1 |       |       |       ||     1
       Dart              |       |       |     9 |     2 ||    11
Invok: Bend Time         |       |       |       |     1 ||     1
 Abil: Spit Poison       |    20 |    35 |    32 |     4 ||    91
Evoke: Wand              |       |       |     3 |    22 ||    25
  Use: Scroll            |       |     6 |    10 |     5 ||    21
       Potion            |       |     6 |     3 |     2 ||    11
 Stab: Sleeping          |     1 |       |     4 |     1 ||     6
Armor: Robe              |     5 |       |    47 |    12 ||    64
       Ring mail         |     2 |    50 |    12 |       ||    64
       Skin              |       |     3 |       |       ||     3
       Scale mail        |       |    11 |    20 |       ||    31
       Steam dragon scal |       |       |       |    12 ||    12
       Chain mail        |       |       |       |     1 ||     1
Dodge: Dodged            |    11 |    83 |   149 |    53 ||   296
Block: Kite shield       |       |       |    62 |    57 ||   119

Table legend: (Time is in decaauts)
 A = Elapsed time spent in this place.
 B = Non-inter-level travel time spent in this place.
 C = Inter-level travel time spent in this place.
 D = Time resting spent in this place.
 E = Time spent auto-exploring this place.
 F = Levels seen in this place.
 G = Mean time per level.
                   A        B        C        D        E       F      G
               +--------+--------+--------+--------+--------+-----+--------+
         Total |  18124 |  16650 |   1474 |   4610 |   7728 |  10 | 1812.4 |
       Dungeon |  18008 |  16534 |   1474 |   4610 |   7658 |   9 | 2000.9 |
        Temple |    115 |    115 |      0 |      0 |     70 |   1 |  115.0 |
               +--------+--------+--------+--------+--------+-----+--------+

Top non-repeatable levels by time:
     D:8: 4383 daAuts
     D:2: 2631 daAuts
     D:7: 2360 daAuts
     D:4: 2079 daAuts
     D:6: 1944 daAuts
     D:5: 1857 daAuts
     D:1: 1585 daAuts
     D:3: 988 daAuts
     D:9: 178 daAuts
  Temple: 115 daAuts
